 Dungeon Crawl Stone Soup version 0.31-a0-180-g519b7de00c (webtiles) character file.

Game seed: 10524713673792266019

317 qw the Shooter (level 6, 0/57 HPs)
             Began as a Naga Hunter on June 19, 2023.
             Slain by an ogre
             ... wielding a +0 giant club
              (13 damage)
             ... on level 4 of the Dungeon.
             The game lasted 00:01:06 (2576 turns).

qw the Shooter (Naga Hunter)                        Turns: 2576, Time: 00:01:07

Health: 0/57       AC:  4    Str: 13    XL:     6   Next: 45%
Magic:  6/6        EV:  9    Int:  9    God:
Gold:   92         SH:  0    Dex: 17    Spells: 5/5 levels left

rFire   . . .        Y - +1 shortbow
rCold   . . .        (shield currently unavailable)
rNeg    . . .        c - +0 leather armour
rPois   +            j - +0 helmet
rElec   .            (no cloak)
rCorr   .            (no gloves)
SInv    +            (no barding)
Will    .....        (no amulet)
Stlth   ++           (no ring)
HPRegen 0.29/turn    (no ring)
MPRegen 0.10/turn

%: no passive effects
@: about to teleport, short of breath, very slow
A: AC +2, large, see invisible, deformed body, poison resistance, slowness 2,
spit poison 1, naga tail 1
a: Spit Poison


You were on level 4 of the Dungeon.
You visited 1 branch of the dungeon, and saw 4 of its levels.

You collected 92 gold pieces.


Innate Abilities, Weirdness & Mutations

Your serpentine skin is tough. (AC +2)
You have supernaturally acute eyesight. (SInv)
Armour fits poorly on your strangely shaped body.
Your system is resistant to poisons. (rPois)
You cover ground very slowly.
You can spit poison.
You have a snake-like lower body.


   Skills:
 + Level 3.8 Fighting
 - Level 6.1 Ranged Weapons
 - Level 1.5 Dodging
 - Level 1.5 Stealth


You had 5 spell levels left.
You didn't know any spells.
Your spell library was empty.

Inventory:

Hand Weapons
 Y - a +1 shortbow (weapon)
Armour
 c - a +0 leather armour (worn)
 j - a +0 helmet (worn)
Potions
 b - a potion of enlightenment
 e - a potion of attraction {unknown}
 f - a potion of resistance {unknown}
 g - a potion of might
 h - a potion of curing
 i - 2 potions of degeneration {unknown}

Dungeon Overview and Level Annotations

Branches:
Dungeon (4/15)
 Temple: D:4-7

Altars:
Dithmenos
Hepliaklqana
Kikubaaqudgha
Nemelex Xobeh
Uskayaw
Xom
Zin


Message History

Enter note:
Enter note:
Enter note:
Enter note:
There is an open door here.
There is an open door here.
You see here a hobgoblin corpse.
There is an open door here.
An ogre comes into view. It is wielding a +0 giant club.
The ogre shouts!
Enter note:
Enter note:
Enter note:
Enter note: You shoot an arrow.
The arrow closely misses the ogre.
2570 ||| INVOKING Spit Poison.
Aiming: Spit Poison (1% risk of failure)
Press: ? - help, Shift-Dir - straight line, f/p - ogre The splash of poison misses the ogre.
You shoot an arrow. The arrow hits the ogre.
The ogre is lightly wounded.
You shoot an arrow. The arrow hits the ogre!
The ogre is moderately wounded.
You shoot an arrow.
The arrow hits the ogre but does no damage.
The ogre is moderately wounded.
The ogre hits you with a +0 giant club!
You shoot an arrow. The arrow barely misses the ogre.
You have got your breath back.
2575 ||| INVOKING Spit Poison.
Aiming: Spit Poison (1% risk of failure)
Press: ? - help, Shift-Dir - straight line, f/p - ogre The splash of poison misses the ogre.
The ogre hits you with a +0 giant club!!
Ouch! That really hurt!
2576 ||| READING scroll of teleportation.
As you read the scroll of teleportation, it crumbles to dust.
You feel strangely unstable. The ogre hits you with a +0 giant club!
You die...

.......#
#......#########
.......# #......#
.....### #......# .....#
#.....<# .....# #.....##
.....#####.....#
.........#.....####
.....###.#........#
########.#......@O#
.....................$..
##########....[...##....
#........# ...
##..###### .. ...... ##
.....(. .# .. .... .####


You could see an ogre.

Vanquished Creatures
  An ogre (D:4)
  A hound (D:4)
  2 jellies (D:4)
  Robin (D:2)
  3 adders
  2 worms (D:2)
  4 orcs (D:3)
  4 ball pythons
  8 bats
  12 endoplasms
  5 giant cockroaches
  11 goblins
  8 hobgoblins
  17 kobolds
  3 quokkas
  4 frilled lizards
  5 rats
91 creatures vanquished.

Notes
Turn   | Place    | Note
-------+----------+-------------------------------------------
     0 | D:1      | qw the Naga Hunter began the quest for the Orb.
     0 | D:1      | Reached XP level 1. HP: 19/19 MP: 1/1
     0 | D:1      | 0 ||| qw: Version: 0.3-a-7-ge0c9b40
     0 | D:1      | 0 ||| qw: Game counter: 1070
     0 | D:1      | 0 ||| qw: Always use a shield: true
     0 | D:1      | 0 ||| qw: God list: Okawaru
     0 | D:1      | 0 ||| qw: Allow faded altars: false
     0 | D:1      | 0 ||| qw: Do Orc after D:15 true
     0 | D:1      | 0 ||| qw: Do second Lair branch before Depths: true
     0 | D:1      | 0 ||| qw: Lair rune preference: random
     0 | D:1      | 0 ||| qw: Plans: Normal
     0 | D:1      | 0 ||| PLANNING D:1-11
    14 | D:1      | 14 ||| INVOKING Spit Poison.
    19 | D:1      | 19 ||| INVOKING Spit Poison.
    38 | D:1      | 38 ||| INVOKING Spit Poison.
    43 | D:1      | 43 ||| INVOKING Spit Poison.
    46 | D:1      | Reached skill level 4 in Ranged Weapons
    46 | D:1      | Reached XP level 2. HP: 26/26 MP: 2/2
    70 | D:1      | 70 ||| INVOKING Spit Poison.
    73 | D:1      | 73 ||| INVOKING Spit Poison.
    77 | D:1      | 77 ||| INVOKING Spit Poison.
    78 | D:1      | 78 ||| INVOKING Spit Poison.
   120 | D:1      | 120 ||| INVOKING Spit Poison.
   126 | D:1      | 126 ||| INVOKING Spit Poison.
   127 | D:1      | 127 ||| INVOKING Spit Poison.
   144 | D:1      | 144 ||| INVOKING Spit Poison.
   150 | D:1      | 150 ||| INVOKING Spit Poison.
   225 | D:1      | 225 ||| INVOKING Spit Poison.
   244 | D:1      | 244 ||| INVOKING Spit Poison.
   321 | D:1      | 321 ||| INVOKING Spit Poison.
   325 | D:1      | 325 ||| INVOKING Spit Poison.
   401 | D:1      | 401 ||| INVOKING Spit Poison.
   412 | D:1      | 412 ||| READING scroll labelled XIKUZI SOEMEA.
   413 | D:1      | 413 ||| READING scroll labelled QITOONUXUB.
   416 | D:1      | 416 ||| DROPPING scroll of butterflies.
   474 | D:2      | 474 ||| INVOKING Spit Poison.
   475 | D:2      | Reached XP level 3. HP: 32/32 MP: 3/3
   541 | D:2      | 541 ||| INVOKING Spit Poison.
   550 | D:2      | 550 ||| INVOKING Spit Poison.
   575 | D:2      | 575 ||| INVOKING Spit Poison.
   593 | D:2      | 593 ||| INVOKING Spit Poison.
   599 | D:2      | 599 ||| INVOKING Spit Poison.
   604 | D:2      | 604 ||| INVOKING Spit Poison.
   667 | D:2      | 667 ||| INVOKING Spit Poison.
   670 | D:2      | 670 ||| INVOKING Spit Poison.
   743 | D:2      | 743 ||| INVOKING Spit Poison.
   750 | D:2      | 750 ||| INVOKING Spit Poison.
   753 | D:2      | 753 ||| INVOKING Spit Poison.
   872 | D:2      | 872 ||| INVOKING Spit Poison.
   873 | D:2      | Reached skill level 5 in Ranged Weapons
   873 | D:2      | Reached XP level 4. HP: 39/39 MP: 4/4
  1006 | D:2      | 1006 ||| INVOKING Spit Poison.
  1019 | D:2      | 1019 ||| INVOKING Spit Poison.
  1024 | D:2      | 1024 ||| INVOKING Spit Poison.
  1082 | D:2      | Noticed Robin
  1083 | D:2      | 1083 ||| INVOKING Spit Poison.
  1084 | D:2      | 1084 ||| Stepping ~*~*~tactically~*~*~ (outnumbered).
  1088 | D:2      | 1088 ||| INVOKING Spit Poison.
  1094 | D:2      | 1094 ||| INVOKING Spit Poison.
  1098 | D:2      | 1098 ||| INVOKING Spit Poison.
  1098 | D:2      | Killed Robin
  1366 | D:2      | 1366 ||| UPGRADING to +0 helmet.
  1371 | D:2      | 1371 ||| DROPPING +6 ring of intelligence.
  1372 | D:2      | 1372 ||| READING scroll labelled SICRIWK ODIROE.
  1373 | D:2      | 1373 ||| DRINKING 2 smoky purple potions.
  1374 | D:2      | 1374 ||| DRINKING 2 viscous cyan potions.
  1375 | D:2      | 1375 ||| DROPPING potion of brilliance.
  1419 | D:3      | 1419 ||| INVOKING Spit Poison.
  1425 | D:3      | 1425 ||| INVOKING Spit Poison.
  1428 | D:3      | 1428 ||| INVOKING Spit Poison.
  1431 | D:3      | 1431 ||| INVOKING Spit Poison.
  1436 | D:3      | 1436 ||| INVOKING Spit Poison.
  1513 | D:3      | Noticed a +0 hand axe
  1515 | D:3      | Found a hide-covered altar of Uskayaw.
  1515 | D:3      | Noticed a +0 hand axe
  1542 | D:3      | 1542 ||| INVOKING Spit Poison.
  1559 | D:3      | 1559 ||| INVOKING Spit Poison.
  1562 | D:3      | Reached skill level 3 in Fighting
  1592 | D:3      | 1592 ||| INVOKING Spit Poison.
  1595 | D:3      | 1595 ||| INVOKING Spit Poison.
  1604 | D:3      | 1604 ||| INVOKING Spit Poison.
  1611 | D:3      | 1611 ||| INVOKING Spit Poison.
  1647 | D:3      | 1647 ||| INVOKING Spit Poison.
  1668 | D:3      | 1668 ||| INVOKING Spit Poison.
  1787 | D:3      | 1787 ||| INVOKING Spit Poison.
  1790 | D:3      | Reached XP level 5. HP: 49/49 MP: 5/5
  1883 | D:3      | Found a sparkling altar of Nemelex Xobeh.
  1883 | D:3      | Found a shimmering altar of Xom.
  1890 | D:3      | 1890 ||| READING scroll labelled INLINN SOEDGH.
  1891 | D:3      | 1891 ||| DRINKING 2 brown potions.
  1892 | D:3      | 1892 ||| DRINKING 2 clear potions.
  1962 | D:4      | 1962 ||| INVOKING Spit Poison.
  1976 | D:4      | 1976 ||| INVOKING Spit Poison.
  1988 | D:4      | Noticed an ogre
  1989 | D:4      | 1989 ||| INVOKING Spit Poison.
  1993 | D:4      | 1993 ||| INVOKING Spit Poison.
  1993 | D:4      | Killed an ogre
  2132 | D:4      | Found a glowing silver altar of Zin.
  2150 | D:4      | 2150 ||| INVOKING Spit Poison.
  2160 | D:4      | 2160 ||| INVOKING Spit Poison.
  2173 | D:4      | 2173 ||| INVOKING Spit Poison.
  2176 | D:4      | Reached skill level 6 in Ranged Weapons
  2176 | D:4      | Reached XP level 6. HP: 56/56 MP: 6/6
  2185 | D:4      | 2185 ||| INVOKING Spit Poison.
  2190 | D:4      | 2190 ||| INVOKING Spit Poison.
  2243 | D:4      | 2243 ||| INVOKING Spit Poison.
  2393 | D:4      | Found a shadowy altar of Dithmenos.
  2454 | D:4      | 2454 ||| INVOKING Spit Poison.
  2465 | D:4      | Found an ancient bone altar of Kikubaaqudgha.
  2480 | D:4      | Found a hazy altar of Hepliaklqana.
  2570 | D:4      | 2570 ||| INVOKING Spit Poison.
  2575 | D:4      | 2575 ||| INVOKING Spit Poison.
  2575 | D:4      | HP: 13/57 [ogre/+0 giant club (31)]
  2576 | D:4      | 2576 ||| READING scroll of teleportation.
  2576 | D:4      | Slain by an ogre

Levels and vault maps discovered:
D:1:      minmay_arrival_stair_chambers, layout_rooms
D:2:      layout_basic, kennysheep_generic_room_7, uniq_robin
D:3:      layout_rooms, dancing_weapons_uskayaw, amethyst_overflow_temple_binary
D:4:      cheibrodos_fertilizer, layout_basic,
          nicolae_overflow_quartered_altars, temple_green

Skill      XL: |  1  2  3  4  5 |
---------------+----------------+-----
Ranged Weapons | 4 5 6 |  6.1
Fighting       | 3 |  3.8
Dodging        | |  1.5
Stealth        | |  1.5

Action                     |  1- 3 |  4- 6 || total
---------------------------+-------+-------++-------
   Fire: Shortbow          |    73 |   106 ||   179
Ability: Spit Poison       |    29 |    34 ||    63
    Use: Scroll            |     2 |     3 ||     5
         Potion            |       |     4 ||     4
 Armour: Leather armour    |    11 |    20 ||    31
  Dodge: Dodged            |    24 |    29 ||    53

Table legend:
 A = Non-vault XP
 B = Vault XP
 C = Vault XP percentage of total XP
 D = Non-vault monster count
 E = Vault monster count
 F = Vault count percentage of total count
                 A         B        C        D         E       F
            +---------+---------+-------+---------+---------+-------
      Total |     315 |     139 |  30.6 |      65 |      26 |  28.6
            +---------+---------+-------+---------+---------+-------
        D:1 |      33 |       0 |   0.0 |      21 |       0 |   0.0
        D:2 |      50 |      29 |  36.7 |      19 |       8 |  29.6
        D:3 |      59 |       0 |   0.0 |      18 |       0 |   0.0
        D:4 |     173 |     110 |  38.9 |       7 |      18 |  72.0
            +---------+---------+-------+---------+---------+-------
